 Dungeon Crawl Stone Soup version 0.21.1-1-g345015fe64 (webtiles) character file.

532274 Lavandula the Executioner (level 23, -10/205 HPs)
             Began as a Deep Dwarf Transmuter on May 25, 2018.
             Was the Champion of Makhleb.
             Mangled by an Ice Fiend (23 damage)
             ... on level 7 of Cocytus.
             The game lasted 04:13:01 (25466 turns).

Lavandula the Executioner (Deep Dwarf Transmuter)  Turns: 25466, Time: 04:13:02

Health: -10/205    AC: 29    Str: 26    XL:     23   Next: 96%
Magic:  22/27      EV: 23    Int: 19    God:    Makhleb [******]
Gold:   1459       SH:  0    Dex: 15    Spells: 6/44 levels left

rFire    . . .     SeeInvis +   z - +9 battleaxe (flame)
rCold    + . .     Gourm    .   (shield currently unavailable)
rNeg     + + +     Faith    .   b - +5 acid dragon scales
rPois    .         Spirit   .   G - +2 hat {SInv}
rElec    +         Reflect  .   J - +2 cloak {+Inv}
rCorr    +         Harm     +   f - +3 pair of gauntlets of War {Slay+5}
MR       +++..                  D - +0 pair of boots of the Unseen Realm {rElec Str+3}
Stlth    +++++.....             Q - amulet of harm
HPRegen  0.00/turn              h - ring "Vyuwier" {+Fly rC+}
MPRegen  0.20/turn              p - ring of Pusauqai {rN++ Str+4}

@: non-regenerating, deflect missiles
A: damage resistance, heal wounds, iridescent scales 1, thin skeletal structure
1, yellow scales 1, negative energy resistance 1, sense surroundings 3, no
regeneration
}: 4/15 runes: decaying, slimy, silver, gossamer
a: Heal Wounds, Minor Destruction, Lesser Servant of Makhleb, Major Destruction,
Greater Servant of Makhleb, Renounce Religion, Evoke Invisibility, Evoke Flight


You were on level 7 of Cocytus.
You worshipped Makhleb.
Makhleb was exalted by your worship.
You were not hungry.

You visited 13 branches of the dungeon, and saw 56 of its levels.
You visited 1 ziggurat, and saw 11 of its levels.
You also visited: Ice Cave.

You collected 6353 gold pieces.
You spent 4894 gold pieces at shops.

Inventory:

Hand Weapons
 a - a +6 executioner's axe of chopping
 z - a +9 battleaxe of flaming (weapon)
 I - a +1 vampiric battleaxe
Missiles
 U - 3 throwing nets (quivered)
Armour
 b - +5 acid dragon scales (worn)
 f - the +3 pair of gauntlets of War (worn) {Slay+5}
   (You found it on level 5 of the Vaults)

   It affects your accuracy and damage with ranged weapons and melee attacks
   (+5).
 D - the +0 pair of boots of the Unseen Realm (worn) {rElec Str+3}
   (You acquired it on level 6 of the Lair of Beasts)

   It affects your strength (+3).
   It insulates you from electricity.
 G - a +2 hat of see invisible (worn)
 J - a +2 cloak of invisibility (worn)
 M - the +3 ring mail "Rebutyl" {rF+}
   (You found it on level 5 of the Vaults)

   It protects you from fire.
Magical Staves
 s - an uncursed staff of wizardry
 Z - an uncursed staff of energy
Jewellery
 h - the ring "Vyuwier" (left hand) {+Fly rC+}
   (You found it on level 5 of a ziggurat)

   [ring of protection from cold]

   It protects you from cold.
   It lets you fly.
 n - the cursed necklace of Bloodlust {*Rage +Rage MR++ Int-3 Slay+6 *Curse}
   (You found it on level 5 of a ziggurat)

   [amulet of rage]

   It affects your intelligence (-3).
   It affects your accuracy and damage with ranged weapons and melee attacks
   (+6).
   It affects your resistance to hostile enchantments.
   It lets you go berserk.
   It may make you go berserk in combat.
   It curses itself when equipped.
   It has a curse placed upon it.
 p - the ring of Pusauqai (right hand) {rN++ Str+4}
   (You found it on level 10 of a ziggurat)

   [ring of strength]

   It affects your strength (+4).
   It greatly protects you from negative energy.
 y - the ring of Robustness {AC+8}
   (You found it on level 5 of the Pits of Slime)

   [ring of protection]

   It affects your AC (+8).
 A - an uncursed ring of wizardry
 B - the ring of Immorality {rElec rPois Str+3}
   (You found it on level 7 of a ziggurat)

   [ring of poison resistance]

   It affects your strength (+3).
   It insulates you from electricity.
   It protects you from poison.
 E - the ring "Sonaomuh" {-Tele rElec rF+ rC++ MR+}
   (You found it on level 5 of the Pits of Slime)

   [ring of protection from fire]

   It protects you from fire.
   It greatly protects you from cold.
   It insulates you from electricity.
   It affects your resistance to hostile enchantments.
   It prevents most forms of teleportation.
 Q - an amulet of harm (around neck)
 S - the ring of Zegeatak {rCorr rPois rN+ Stlth+}
   (You found it on level 10 of a ziggurat)

   [ring of resist corrosion]

   It protects you from poison.
   It protects you from negative energy.
   It makes you more stealthy.
Wands
 c - a wand of digging (20)
 k - a wand of enslavement (32)
 m - a wand of acid (24)
 u - a wand of paralysis (30)
 N - a wand of iceblast (36)
 O - a wand of clouds (3)
 T - a wand of disintegration (65)
Scrolls
 i - 9 scrolls of remove curse
 q - 7 scrolls of teleportation
 v - 2 scrolls of fear
 x - a scroll of fog
 C - 2 scrolls of summoning
 K - 3 scrolls of blinking
 P - 2 scrolls of holy word
 W - 6 scrolls of identify
Potions
 e - a potion of mutation
 g - 4 potions of might
 j - 2 potions of cancellation
 o - 16 potions of curing
 t - 4 potions of lignification
 w - 8 potions of brilliance
 F - 3 potions of ambrosia
 L - 3 potions of invisibility
 R - 3 potions of agility
Books
 H - a Grand Grimoire

   Spells                             Type                      Level
   a - Monstrous Menagerie            Summoning                    7
   b - Summon Greater Demon           Summoning                    7
   c - Malign Gateway                 Summoning/Translocation      7
   d - Summon Horrible Things         Summoning                    8
Miscellaneous
 l - 2 sacks of spiders
 r - 3 boxes of beasts
 V - 3 phantom mirrors
 X - the horn of Geryon
 Y - a lamp of fire
Comestibles
 d - 53 rations


   Skills:
 - Level 11.6 Fighting
 - Level 22.4 Axes
 - Level 10.0 Armour
 - Level 16.4 Dodging
 - Level 11.7 Stealth
 - Level 3.7 Unarmed Combat
 + Level 11.2 Spellcasting
 - Level 12.3 Charms
 - Level 6.6 Summonings
 - Level 13.0 Necromancy
 - Level 5.4 Translocations
 - Level 13.9 Transmutations
 - Level 10.6 Air Magic
 - Level 8.6 Earth Magic
 - Level 11.0 Invocations
 - Level 5.8 Evocations


You had 6 spell levels left.
You knew the following spells:

 Your Spells              Type           Power        Failure   Level  Hunger
a - Deflect Missiles      Chrm/Air       ######....   10%         6    ######.
c - Shroud of Golubria    Chrm/Tloc      #####.....   1%          2    None
d - Summon Lightning Spi  Summ/Air       #####...     2%          4    ##.....
e - Ozocubu's Armour      Chrm/Ice       ####....     1%          3    None
f - Death Channel         Necr           ######....   5%          6    ######.
g - Apportation           Tloc           ####..       1%          1    None
h - Blink                 Tloc           N/A          1%          2    None
i - Summon Butterflies    Summ           #####...     1%          1    None
j - Spectral Weapon       Hex/Chrm       ####....     1%          3    None
k - Passage of Golubria   Tloc           N/A          8%          4    ##.....
l - Statue Form           Tmut/Erth      ######...    11%         6    ######.


Dungeon Overview and Level Annotations

Branches:
Dungeon (15/15)            Temple (1/1) D:6            Lair (6/6) D:10
  Swamp (4/4) Lair:4       Spider (4/4) Lair:4        Slime (5/5) Lair:5
    Orc (2/2) D:12            Elf (1/3) Orc:2        Vaults (5/5) D:13
  Crypt (3/3) Vaults:3       Tomb (0/3) Crypt:3      Depths (3/5) D:15
   Hell (1/1)                 Dis (0/7) Hell            Coc (7/7) Hell
    Geh: Hell:1         Tar: Hell:1

Altars:
Ashenzari
Cheibriados
Dithmenos
Elyvilon
Fedhas
Gozag
Hepliaklqana
Kikubaaqudgha
Makhleb
Nemelex Xobeh
Okawaru
Qazlal
Ru
Sif Muna
Trog
Uskayaw
Vehumet
Wu Jian
Xom
Yredelemnul
Zin
The Shining One
Beogh

Shops:
D:4 %   D:5 :   D:14 =   Orc:1 *   Orc:2 :[(   Vaults:4 [   Vaults:5 [

Portals:
Hell: Depths:2
Abyss: Depths:2 Depths:3
Pandemonium: Depths:2
Trove: D:14 (give 17 scrolls of identify)

Annotations:
D:2 Sigmund
D:5 exclusion: ice beast
D:8 Hawkwind's ghost, novice OgMo
D:14 !!
Crypt:2 Mara; Saint Roka
Hell exclusion: ice statue
Coc:7 Serpent of Hell


Innate Abilities, Weirdness & Mutations

You are resistant to damage.
You can heal yourself by infusing magical energy.
You resist negative energy. (rN+)
You passively map a large area around you.
You do not regenerate.
You are partially covered in iridescent scales. (AC +2)
You have a somewhat thin skeletal structure. (Dex +2, Stealth)
You are partially covered in yellow scales. (AC +2)


Message History

The reaper hits you with a scythe of slicing.
Unknown command.
You closely miss the Ice Fiend.
The Ice Fiend is moderately wounded.
You slash the reaper! You burn the reaper.
You feel much better. The Ice Fiend claws you!
* * * LOW HITPOINT WARNING * * *
The Ice Fiend freezes you!! You resist.
* * * LOW HITPOINT WARNING * * *
The Ice Fiend claws you but does no damage.
The reaper hits you with a scythe of slicing!
* * * LOW HITPOINT WARNING * * *
You feel much better. The Ice Fiend claws you.
* * * LOW HITPOINT WARNING * * *
The Ice Fiend freezes you!! You resist.
* * * LOW HITPOINT WARNING * * *
The Ice Fiend claws you!
* * * LOW HITPOINT WARNING * * *
The Ice Fiend freezes you!! You resist.
You die...

≈≈≈≈≈≈≈≈≈≈≈....≈..≈≈≈≈≈ ≈ ≈*
≈≈≈≈≈≈≈≈≈≈≈≈.....≈≈≈≈≈
≈≈≈≈≈≈≈≈≈≈≈≈≈........≈ ≈≈≈≈≈≈≈*
≈≈≈≈≈≈≈≈≈≈≈≈≈..####### ..≈≈≈ ≈
≈≈≈≈≈≈≈≈≈≈≈≈.........##....≈≈≈≈≈*
≈≈≈≈≈≈≈≈≈≈..#..[:}:..#...≈≈≈≈
≈≈≈≈≈≈≈≈≈≈≈..##.......#..≈≈≈≈ ≈
≈≈≈≈≈≈≈≈≈≈≈≈..#######.#.≈≈≈≈≈
≈≈≈≈≈≈≈≈≈≈≈≈≈..2@1≈≈...≈.≈≈≈≈≈
≈≈≈E≈≈≈≈≈≈≈...≈.≈Z≈≈≈..≈≈≈≈≈≈≈≈≈*
≈≈≈≈≈≈≈≈≈≈..≈≈≈≈≈≈≈≈≈.≈≈≈≈≈≈≈≈≈ *
≈≈≈≈≈≈≈≈..≈≈≈≈≈≈≈≈≈≈≈.≈≈≈≈≈≈≈≈ ≈*
E≈≈≈≈≈≈≈≈≈≈≈≈≈≈≈≈≈≈≈≈.≈≈≈≈≈≈≈≈
.....≈≈≈≈≈≈≈≈≈≈≈≈≈≈≈≈.≈≈≈≈≈≈≈≈ ≈*
..E1D.≈≈≈≈≈≈≈≈≈≈≈≈≈≈...≈≈≈≈≈≈≈≈ *
'###...≈≈≈≈≈≈≈≈≈≈≈≈≈...≈≈≈≈≈≈≈ *
≈..##1..≈≈≈≈≈≈≈≈≈≈≈^....≈≈≈≈≈≈


You could see an Ice Fiend, a reaper and an iron dragon zombie.

Vanquished Creatures
  the Royal Jelly (Slime:5)
  2 ancient liches
  3 greater mummies
  A shard shrike (Coc:7)
  Sojobo (Vaults:4)
  Bai Suzhen (Vaults:3)
  Frederick (Crypt:2)
  The ghost of raetorn the Warrior, a legendary VSFi of Makhleb (Hell)
  Margery (Vaults:4)
  Geryon (Hell)
  Xtahua (Crypt:3)
  Jory (Depths:3)
  2 golden dragons (Vaults:5)
  A Tzitzimitl (Zig:7)
  8 Ice Fiends (Coc:7)
  A deep elf blademaster (Zig:6)
  5 liches
  5 titans (Vaults:5)
  2 quicksilver dragons (Vaults:5)
  15 acid blobs
  3 sphinxes
  Gastronok (D:8)
  2 ancient champions
  A shadow dragon (shapeshifter) (D:12)
  A thorn hunter (Swamp:4)
  4 shadow dragons
  10 tengu reavers
  A storm dragon (Vaults:5)
  4 nagarajas (Zig:10)
  13 fire giants
  14 azure jellies
  A revenant (Zig:7)
  3 frost giants
  A draconian scorcher (Zig:10)
  A deep elf sorcerer (Vaults:2)
  Aizul (Depths:1)
  A juggernaut zombie (Zig:9)
  16 vault wardens
  An orc warlord (Zig:2)
  6 emperor scorpions
  2 iron dragons
  A ghost moth (Spider:4)
  3 curse skulls
  2 elemental wellsprings (Coc:7)
  9 reapers
  10 ironheart preservers
  2 ghouls (Crypt:2)
  A caustic shrike skeleton (Crypt:1)
  A draconian annihilator (Zig:10)
  4 war gargoyles
  A blood saint (Zig:10)
  An entropy weaver (shapeshifter) (Vaults:5)
  7 very ugly things
  8 stone giants
  4 entropy weavers
  2 vampire knights
  2 deep elf demonologists
  A spark wasp (Zig:1)
  A lorocyproca (Hell)
  3 deep elf annihilators
  10 eidola (Crypt:3)
  7 blizzard demons
  8 ettins
  A quicksilver dragon zombie (Crypt:3)
  Snorg (Lair:3)
  A fire dragon (Vaults:3)
  9 death oozes (Slime:5)
  3 deep elf death magi
  10 yaktaur captains
  10 great orbs of eyes
  A spectral shadow dragon (Zig:7)
  Erolcha (D:13)
  Harold (D:12)
  2 rakshasas
  29 vault guards
  2 catoblepae
  15 ice dragons
  An anaconda (Zig:5)
  5 centaur warriors
  29 two-headed ogres
  2 quicksilver dragon skeletons
  2 death knights (Vaults:3)
  10 hydras
  4 alligators
  4 deep troll shamans
  A spectral frost giant (Zig:7)
  A merfolk aquamancer (Zig:10)
  A dancing weapon (Vaults:3)
  A deep troll earth mage (Depths:1)
  9 ogre magi
  2 hell hogs (Hell)
  A queen ant (Lair:2)
  Urug (D:11)
  2 vampire magi (Crypt:2)
  4 death yaks (Lair:5)
  3 orc high priests
  A sun demon (Depths:2)
  7 soul eaters
  4 titan zombies
  9 deep elf knights
  A storm dragon zombie (Zig:9)
  2 iron golems (Depths:2)
  A fire crab (Lair:6)
  2 unseen horrors
  3 titan skeletons
  A shadow wraith (Crypt:2)
  5 anaconda zombies
  15 deep trolls
  11 hell knights
  A storm dragon skeleton (Vaults:4)
  33 skeletal warriors
  3 swamp dragons
  6 glowing orange brains
  A glowing orange brain (shapeshifter) (D:15)
  7 ironbrand convokers
  A deep troll (shapeshifter) (D:15)
  A flayed ghost (Crypt:2)
  A spark wasp zombie (Zig:4)
  3 deep elf archers
  2 shambling mangroves (Swamp:4)
  2 shadow dragon zombies (Crypt:3)
  2 wolf spider zombies
  2 tengu zombies
  2 lindwurms (Lair:6)
  2 anaconda skeletons
  A fire giant zombie (Zig:9)
  17 necromancers
  4 orc sorcerers
  11 phantasmal warriors
  2 iron dragon zombies
  4 oklob plants
  3 frost giant zombies
  12 wolf spiders
  2 shining eyes
  11 orc knights
  A shadow dragon skeleton (Crypt:3)
  16 ugly things
  5 orb spiders
  4 stone giant zombies
  5 cyclopes
  8 deep elf magi
  A faun (shapeshifter) (Vaults:5)
  2 salamanders (Zig:5)
  Joseph (D:8)
  2 naga magi
  10 elephants (Lair:5)
  A guardian serpent (shapeshifter) (Depths:2)
  3 stone giant skeletons
  A fire giant skeleton (Zig:11)
  7 rust devils
  A dire elephant zombie (Crypt:3)
  A guardian serpent (Zig:5)
  8 vault sentinels
  5 centaur skeletons
  10 black mambas
  3 ice statues
  11 spiny frogs
  8 torpor snails
  A molten gargoyle (Lair:5)
  2 spiny frogs (shapeshifter)
  An eye of devastation (Slime:5)
  An emperor scorpion zombie (Coc:3)
  4 smoke demons (Hell)
  A kobold demonologist (D:11)
  4 rime drakes
  A death yak zombie (Crypt:1)
  2 dire elephant skeletons
  A hellion (Hell)
  40 yaktaurs
  6 komodo dragons
  2 anaconda simulacra
  7 tormentors
  2 guardian mummies
  6 ice devils
  A yaktaur (shapeshifter) (Vaults:2)
  A spectral glowing shapeshifter (Zig:7)
  3 demonic crawlers
  13 hellwings (Crypt:3)
  24 freezing wraiths
  7 trolls
  A harpy zombie (Coc:1)
  8 hydra zombies
  4 red devils (Hell)
  6 tyrant leeches
  A hornet (shapeshifter) (Vaults:2)
  A wind drake (shapeshifter) (D:14)
  16 jumping spiders
  15 blink frogs
  A jumping spider (shapeshifter) (D:15)
  21 hornets
  9 polar bears (Lair:6)
  2 bog bodies
  An ice dragon zombie (Coc:2)
  65 slime creatures
  6 alligator zombies
  9 hippogriffs
  2 human simulacra
  2 hydra skeletons
  10 flying skulls
  4 spriggans (Swamp:3)
  An ice dragon skeleton (Crypt:3)
  An ettin zombie (Coc:3)
  A fire giant simulacrum (Vaults:3)
  9 water elementals
  48 redbacks
  4 ettin skeletons
  A tarantella (shapeshifter) (Depths:2)
  10 wraiths
  2 wyverns
  2 ushabtiu (Crypt:3)
  5 shadows
  7 fire elementals
  24 tarantellas
  2 alligator skeletons
  A hog (shapeshifter) (D:14)
  4 golden eyes (Slime:5)
  34 yaks
  A steam dragon (D:9)
  6 hungry ghosts
  2 wind drake skeletons
  5 basilisks
  2 vampire mosquitoes (Swamp:3)
  5 swamp worm simulacra (Swamp:4)
  6 swamp worms
  3 insubstantial wisps (Swamp:4)
  Edmund (D:5)
  Menkaure (D:5)
  13 wargs
  A naga (Zig:5)
  An acid dragon (D:13)
  17 hydra simulacra
  19 soldier ants
  18 hell hounds
  4 porcupines
  A porcupine (shapeshifter) (Depths:3)
  3 spiny frog zombies
  8 water moccasins
  A human skeleton (Zig:11)
  39 orc warriors
  A swamp drake (Swamp:3)
  12 black bears
  2 manticore zombies (Crypt:3)
  A phantom (D:10)
  33 ice beasts
  4 sky beasts
  A wolf (shapeshifter) (Vaults:5)
  A boggart (shapeshifter) (Vaults:5)
  4 eyes of draining
  5 necrophages
  17 wolves
  15 crocodiles
  9 centaurs
  34 ogres
  9 boggarts
  A manticore skeleton (Crypt:2)
  2 elf skeletons
  3 big kobolds
  2 elf zombies
  A bullfrog (shapeshifter) (D:12)
  A human zombie (Vaults:5)
  A gnoll sergeant (D:13)
  13 bullfrogs
  A komodo dragon skeleton (Crypt:2)
  6 scorpions
  A warg zombie (Crypt:2)
  5 wyvern skeletons (Crypt:3)
  9 killer bees
  A warg skeleton (Crypt:2)
  17 wights
  A spriggan skeleton (Crypt:1)
  2 howler monkeys
  8 crimson imps
  3 bullfrog zombies
  3 jellies
  3 quasits
  8 hounds
  A gnoll shaman (Orc:2)
  33 orc wizards
  23 orc priests
  4 bullfrog skeletons
  27 worker ants
  3 iguanas
  8 hell rats
  A lightning spire (Zig:11)
  An acid dragon zombie (Crypt:1)
  2 hound zombies
  2 mummies
  A worker ant zombie (D:11)
  12 gnolls
  6 adders
  2 shadow imps
  11 white imps
  3 swamp drake simulacra (Swamp:4)
  An adder skeleton (D:7)
  2 adder zombies (D:5)
  3 worms
  2 dart slugs (D:1)
  6 leopard geckos
  120 orcs
  4 giant cockroaches
  2 hobgoblins (D:1)
  4 jackals
  9 quokkas
  2 ball pythons
  A bat (D:1)
  A frilled lizard (D:1)
  11 kobolds
  An orc zombie (Crypt:1)
  3 rats
  7 fungi
  16 plants
  9 withered plants (Crypt:3)
1921 creatures vanquished.

Vanquished Creatures (collateral kills)
  Boris (Crypt:2)
  A titan (Vaults:5)
  An acid blob (Slime:5)
  A shadow dragon (Vaults:5)
  A deep elf sorcerer (Vaults:5)
  A frost giant (Vaults:5)
  A ghost moth (Spider:4)
  A vault warden (Vaults:5)
  4 ghouls (Crypt:2)
  An emperor scorpion (Spider:4)
  An orc warlord (Orc:2)
  An ironheart preserver (Vaults:2)
  A stone giant (Vaults:5)
  An entropy weaver (Vaults:5)
  A death ooze (Slime:5)
  A deep elf death mage (Vaults:5)
  An ettin (Vaults:5)
  3 yaktaur captains (Vaults:5)
  A vault guard (Vaults:5)
  A hell knight (Vaults:5)
  2 skeletal warriors (Crypt:2)
  A golden dragon zombie (Crypt:2)
  3 deep trolls (Vaults:5)
  A deep elf archer (Vaults:3)
  2 wolf spiders
  An orb spider (Spider:4)
  A deep elf mage (Vaults:4)
  4 shining eyes
  A black mamba (Lair:6)
  A moth of wrath (Spider:4)
  6 yaktaurs
  3 jumping spiders (Spider:4)
  A meliai (shapeshifter) (Vaults:5)
  6 slime creatures
  A slime creature (shapeshifter) (Vaults:4)
  A death drake skeleton (Crypt:2)
  8 redbacks
  5 tarantellas (Spider:4)
  A basilisk (Lair:6)
  A warg (Crypt:2)
  A faun zombie (Crypt:2)
  An orc warrior (Zig:2)
  2 necrophages (Crypt:2)
  2 adders (D:3)
  A worm (D:3)
  3 orcs
  A bat (D:3)
  A frilled lizard (D:3)
  A rat (D:3)
88 creatures vanquished.

Vanquished Creatures (others)
  A thorn hunter (Swamp:4)
  A death knight (Zig:7)
  A vault guard (Vaults:5)
  A storm dragon zombie (Zig:11)
  A naga mage (Zig:5)
  A tyrant leech (Swamp:4)
  An ettin zombie (Vaults:4)
  A water elemental (Zig:6)
  A fire elemental (Zig:6)
  A big kobold (shapeshifter) (Vaults:5)
  An orc wizard (D:9)
  An iron imp (Zig:9)
  A hell rat (Hell)
  A white imp (Zig:11)
  4 fungi
  18 plants
  8 spectral weapons
  A withered plant (Crypt:3)
45 creatures vanquished.

Grand Total: 2054 creatures vanquished

Notes
Turn   | Place    | Note
-------+----------+-------------------------------------------
     0 | D:1      | Lavandula the Deep Dwarf Transmuter began the quest for the Orb.
     0 | D:1      | Reached XP level 1. HP: 16/16 MP: 3/3
    76 | D:1      | Reached XP level 2. HP: 21/24 MP: 2/4
   213 | D:2      | Noticed Sigmund
   584 | D:2      | Learned a level 2 spell: Sticks to Snakes
   737 | D:2      | Reached XP level 3. HP: 21/30 MP: 3/5
   891 | D:3      | Learned a level 3 spell: Spider Form
  1155 | D:3      | Reached skill level 1 in Fighting
  1155 | D:3      | Reached XP level 4. HP: 32/39 MP: 2/7
  1243 | D:3      | Reached skill level 1 in Axes
  1243 | D:3      | Reached XP level 5. HP: 32/46 MP: 6/8
  1472 | D:4      | Reached skill level 3 in Axes
  1842 | D:4      | Noticed an ogre
  1852 | D:4      | Killed an ogre
  1852 | D:4      | Reached skill level 4 in Axes
  1852 | D:4      | Reached XP level 6. HP: 40/55 MP: 3/9
  1864 | D:4      | Found Enuoh's Food Shop.
  1944 | D:5      | Entered Level 5 of the Dungeon
  1950 | D:5      | Noticed Edmund
  1967 | D:5      | Killed Edmund
  1967 | D:5      | Reached skill level 5 in Axes
  2038 | D:5      | Reached skill level 6 in Axes
  2038 | D:5      | Reached XP level 7. HP: 29/61 MP: 10/10
  2068 | D:5      | Found a runed door.
  2074 | D:5      | Noticed Crazy Yiuf
  2091 | D:5      | Noticed Crazy Yiuf
  2091 | D:5      | Crazy Yiuf changed into Crazy Yiuf the centaur
  2103 | D:5      | Killed Crazy Yiuf the centaur
  2133 | D:5      | Reached skill level 7 in Axes
  2173 | D:5      | Noticed Menkaure
  2186 | D:5      | Killed Menkaure
  2186 | D:5      | Reached skill level 8 in Axes
  2246 | D:5      | Reached XP level 8. HP: 46/68 MP: 9/11
  2269 | D:5      | Found Liulet's Book Shop.
  2357 | D:5      | Reached skill level 9 in Axes
  2687 | D:6      | Reached skill level 10 in Axes
  2964 | D:6      | Found a hazy altar of Hepliaklqana.
  3052 | D:6      | Found a staircase to the Ecumenical Temple.
  3058 | Temple   | Entered the Ecumenical Temple
  3085 | Temple   | Became a worshipper of Makhleb the Destroyer
  3388 | D:7      | Reached skill level 5 in Fighting
  3433 | D:6      | Gained mutation: You passively map the area around you. [Deep Dwarf growth]
  3433 | D:6      | Reached XP level 9. HP: 57/82 MP: 10/12
  3800 | D:7      | Reached * piety under Makhleb
  3952 | D:8      | Found a sparkling altar of Nemelex Xobeh.
  4083 | D:8      | Noticed Joseph
  4100 | D:8      | Killed Joseph
  4181 | D:8      | Reached skill level 5 in Dodging
  4289 | D:8      | Noticed Gastronok
  4337 | D:9      | Noticed a two-headed ogre
  4342 | D:9      | Killed a two-headed ogre
  4342 | D:9      | Reached XP level 10. HP: 31/96 MP: 11/11
  4357 | D:9      | Reached skill level 1 in Evocations
  4499 | D:8      | Noticed Hawkwind's ghost (novice OgMo)
  4616 | D:9      | Noticed a two-headed ogre
  4621 | D:9      | Killed a two-headed ogre
  4621 | D:9      | Reached ** piety under Makhleb
  4621 | D:9      | Reached skill level 5 in Evocations
  4630 | D:9      | Reached skill level 1 in Invocations
  4817 | D:9      | Found a runed door.
  4829 | D:9      | Noticed a seven-headed hydra
  5023 | D:10     | Entered Level 10 of the Dungeon
  5171 | D:10     | Reached skill level 11 in Axes
  5176 | D:10     | Reached *** piety under Makhleb
  5186 | D:10     | Found a staircase to the Lair.
  5224 | D:10     | Reached XP level 11. HP: 92/103 MP: 13/13
  5296 | D:10     | Reached skill level 12 in Axes
  5349 | D:10     | Noticed a two-headed ogre
  5355 | D:10     | Killed a two-headed ogre
  5400 | D:10     | Noticed a two-headed ogre
  5407 | D:10     | Killed a two-headed ogre
  5524 | D:10     | Reached skill level 13 in Axes
  5782 | D:11     | Reached **** piety under Makhleb
  5887 | D:11     | Reached skill level 14 in Axes
  5965 | D:11     | Found a shadowy altar of Dithmenos.
  6087 | D:11     | Noticed Urug
  6124 | D:11     | Killed Urug
  6288 | D:12     | Identified a scroll of acquirement
  6308 | D:12     | Noticed a two-headed ogre
  6309 | D:12     | Reached skill level 15 in Axes
  6315 | D:12     | Killed a two-headed ogre
  6315 | D:12     | Reached XP level 12. HP: 74/110 MP: 14/14
  6396 | D:12     | Learned a level 3 spell: Vampiric Draining
  6461 | D:12     | Found Iphutt's Book Shoppe.
  6564 | D:12     | Noticed Harold
  6582 | D:12     | Reached ***** piety under Makhleb
  6582 | D:12     | Killed Harold
  6582 | D:12     | Reached skill level 16 in Axes
  6885 | D:12     | Found a runed door.
  6885 | D:12     | Noticed a sphinx
  6885 | D:12     | Noticed an ettin
  6886 | D:12     | Noticed a stone giant
  6887 | D:12     | Noticed a war gargoyle
  6887 | D:12     | Noticed a sphinx
  6887 | D:12     | Noticed a yaktaur captain
  6927 | D:12     | Killed a war gargoyle
  6937 | D:12     | Killed a stone giant
  6939 | D:12     | Killed a sphinx
  6939 | D:12     | Reached skill level 17 in Axes
  7059 | Lair:1   | Entered Level 1 of the Lair of Beasts
  7470 | Lair:2   | Gained mutation: You have a pair of large horns on your head. [potion of mutation]
  7470 | Lair:2   | Gained mutation: You are dopey. (Int -2) [potion of mutation]
  7470 | Lair:2   | Gained mutation: You occasionally shout uncontrollably at your foes. [potion of mutation]
  7470 | Lair:2   | Gained mutation: You are somewhat resistant to further mutation. [potion of mutation]
  7487 | Lair:2   | Noticed a queen ant
  7507 | Lair:2   | Reached skill level 18 in Axes
  7535 | Lair:2   | Reached XP level 13. HP: 117/117 MP: 14/14
  7932 | Lair:3   | Noticed Snorg
  7939 | Lair:3   | Killed Snorg
  8061 | Lair:4   | Reached skill level 19 in Axes
  8131 | Lair:4   | Reached skill level 1 in Armour
  8233 | Lair:4   | Found a staircase to the Swamp.
  8248 | Lair:4   | Reached ****** piety under Makhleb
  8377 | Lair:4   | Found a hole to the Spider Nest.
  8447 | Lair:5   | Reached skill level 5 in Armour
  8716 | Lair:6   | Entered Level 6 of the Lair of Beasts
  8748 | Lair:6   | Gained mutation: You resist negative energy. (rN+) [Deep Dwarf growth]
  8748 | Lair:6   | Reached XP level 14. HP: 114/126 MP: 13/15
  8748 | Lair:6   | Reached skill level 10 in Armour
  8880 | Lair:6   | Found a runed door.
  9041 | Lair:6   | Reached skill level 10 in Dodging
  9083 | Lair:6   | Paralysed by a hornet for 3 turns
  9100 | Lair:6   | Paralysed by a hornet for 1 turns
  9420 | Lair:6   | Learned a level 3 spell: Ozocubu's Armour
  9427 | Lair:6   | Learned a level 6 spell: Death Channel
  9484 | Lair:6   | Got a crystal battleaxe
  9485 | Lair:6   | Identified the +5 battleaxe "Iruanuph" {antimagic, Dex+4} (You acquired it on level 6 of the Lair of Beasts)
  9513 | Lair:6   | Got a pair of translucent boots
  9519 | Lair:6   | Identified the +0 pair of boots of the Unseen Realm {rElec Str+3} (You acquired it on level 6 of the Lair of Beasts)
  9817 | Lair:5   | Found a sacrificial altar of Ru.
  9878 | Lair:1   | Lost mutation: You have a pair of small horns on your head. [potion of mutation]
  9878 | Lair:1   | Lost mutation: You occasionally shout uncontrollably at your foes. [potion of mutation]
  9878 | Lair:1   | Lost mutation: You are somewhat resistant to further mutation. [potion of mutation]
  9878 | Lair:1   | Gained mutation: You are agile. (Dex +2) [potion of mutation]
  9878 | Lair:1   | Gained mutation: You possess an exceptional clarity of mind. [potion of mutation]
  9878 | Lair:1   | Lost mutation: You are dopey. (Int -2) [potion of mutation]
  9878 | Lair:1   | Gained mutation: You are partially covered in yellow scales. (AC +2) [potion of mutation]
  9968 | D:12     | Found a staircase to the Orcish Mines.
  9981 | Orc:1    | Entered Level 1 of the Orcish Mines
 10127 | Orc:2    | Entered Level 2 of the Orcish Mines
 10252 | Orc:2    | Found a roughly hewn altar of Beogh.
 10330 | Orc:2    | Found a staircase to the Elven Halls.
 10360 | Orc:2    | Found a roughly hewn altar of Beogh.
 10432 | Orc:2    | Found a roughly hewn altar of Beogh.
 10449 | Orc:2    | Found Roufots's Book Shop.
 10457 | Orc:2    | Bought a book of Spatial Translocations for 1170 gold pieces
 10544 | Orc:1    | Reached skill level 20 in Axes
 10551 | Orc:1    | Reached XP level 15. HP: 128/132 MP: 16/16
 10622 | Orc:1    | Found Ziurhiwu's Assorted Antiques.
 10631 | Orc:1    | Bought a scroll labeled QAARPH PECE for 25 gold pieces
 10631 | Orc:1    | Bought a scroll labeled XOTYNG FYMPOE for 25 gold pieces
 10780 | Orc:2    | Found a roughly hewn altar of Beogh.
 10819 | Orc:2    | Found a roughly hewn altar of Beogh.
 10931 | Orc:2    | Noticed an orc warlord
 10959 | Orc:2    | Killed an orc warlord
 10963 | Orc:2    | Learned a level 2 spell: Blink
 10979 | Orc:2    | Reached skill level 1 in Translocations
 11050 | Orc:2    | Found Geluw's Antique Armour Shop.
 11051 | Orc:2    | Found a roughly hewn altar of Beogh.
 11054 | Orc:2    | Found Xuddair's Antique Weapon Boutique.
 11101 | Elf:1    | Entered Level 1 of the Elven Halls
 11336 | D:5      | Bought a book of Party Tricks for 700 gold pieces
 11338 | D:5      | Learned a level 1 spell: Apportation
 11340 | D:5      | Learned a level 1 spell: Summon Butterflies
 11436 | D:8      | Killed Gastronok
 11555 | Swamp:1  | Entered Level 1 of the Swamp
 11564 | Swamp:1  | Reached skill level 5 in Translocations
 11692 | Swamp:3  | Reached skill level 5 in Spellcasting
 11828 | Swamp:4  | Entered Level 4 of the Swamp
 11843 | Swamp:4  | Reached skill level 1 in Necromancy
 12040 | Swamp:4  | Noticed a thorn hunter
 12051 | Swamp:4  | Killed a thorn hunter
 12051 | Swamp:4  | Reached skill level 5 in Necromancy
 12060 | Swamp:4  | Killed a thorn hunter
 12257 | Swamp:4  | Noticed an azure jelly
 12269 | Swamp:4  | Killed an azure jelly
 12303 | Swamp:4  | Noticed an azure jelly
 12310 | Swamp:4  | Killed an azure jelly
 12327 | Swamp:4  | Got a decaying rune of Zot
 12509 | Spider:1 | Entered Level 1 of the Spider Nest
 12641 | Spider:1 | Reached XP level 16. HP: 130/144 MP: 21/21
 12746 | Spider:1 | Identified the cursed +0 robe "Rokaw" {-Cast Regen+ Str+4} (You found it on level 1 of the Spider Nest)
 12840 | Spider:2 | Reached skill level 10 in Fighting
 12893 | Spider:2 | Reached skill level 1 in Summonings
 12950 | Spider:4 | Entered Level 4 of the Spider Nest
 13111 | Spider:4 | Reached skill level 5 in Summonings
 13216 | Spider:4 | Got a gossamer rune of Zot
 13655 | Lair:1   | Learned a level 2 spell: Shroud of Golubria
 13790 | D:12     | Noticed a shadow dragon
 13790 | D:12     | an iron troll changed into a shadow dragon
 13792 | D:12     | Killed a shadow dragon
 13818 | D:12     | Identified the Collected Works on Attacks
 13897 | D:13     | Noticed Erolcha
 13903 | D:13     | Killed Erolcha
 13946 | D:13     | Found a frozen archway.
 13969 | IceCv    | Entered an ice cave
 14002 | IceCv    | Reached skill level 10 in Necromancy
 14277 | D:13     | Found a gate to the Vaults.
 14318 | Vaults:1 | Entered Level 1 of the Vaults
 14512 | Vaults:2 | Reached XP level 17. HP: 153/153 MP: 22/22
 14601 | Vaults:3 | Noticed Bai Suzhen
 14617 | Vaults:3 | Killed Bai Suzhen
 14626 | Vaults:3 | Learned a level 4 spell: Summon Lightning Spire
 14655 | Vaults:3 | Found the +8 whip "Snakebite" {curare, rPois}
 14685 | Vaults:3 | Reached skill level 1 in Air Magic
 14823 | Vaults:3 | HP: 3/153 [yaktaur/bolt[a vault warden] (16)]
 14899 | Vaults:3 | Reached skill level 5 in Air Magic
 15182 | Vaults:3 | Learned a level 3 spell: Spectral Weapon
 15311 | Vaults:2 | Gained mutation: You passively map a large area around you. [Deep Dwarf growth]
 15311 | Vaults:2 | Reached XP level 18. HP: 158/160 MP: 22/22
 15322 | Vaults:2 | Found Jiffurik's Distillery.
 15330 | Vaults:2 | Bought a potion of curing for 63 gold pieces
 15330 | Vaults:2 | Bought a potion of curing for 63 gold pieces
 15330 | Vaults:2 | Bought a potion of invisibility for 168 gold pieces
 15330 | Vaults:2 | Bought a potion of haste for 210 gold pieces
 15330 | Vaults:2 | Bought a potion of haste for 210 gold pieces
 15349 | Vaults:2 | You fall through a shaft for 2 floors!
 15349 | Vaults:4 | Noticed Margery
 15368 | Vaults:4 | Killed Margery
 15704 | Vaults:3 | Found a staircase to the Crypt.
 15989 | Vaults:2 | Reached skill level 10 in Air Magic
 16000 | Vaults:2 | Paralysed by a great orb of eyes for 3 turns
 16352 | Crypt:1  | Entered Level 1 of the Crypt
 16456 | Crypt:2  | Noticed Mara
 16465 | Crypt:2  | Noticed Lavandula's illusion
 16546 | Crypt:2  | Learned a level 4 spell: Passage of Golubria
 16610 | Crypt:2  | Reached skill level 1 in Charms
 16679 | Crypt:2  | Noticed Frederick
 16697 | Crypt:2  | HP: 6/160 [Frederick/iron shot (51)]
 16731 | Crypt:2  | Killed Frederick
 16774 | Crypt:2  | Noticed Boris
 16939 | Crypt:2  | Reached skill level 5 in Charms
 16999 | Crypt:2  | Killed Boris
 17057 | Crypt:2  | Noticed Saint Roka
 17237 | Crypt:3  | Entered Level 3 of the Crypt
 17402 | Crypt:3  | Reached XP level 19. HP: 165/168 MP: 21/21
 17714 | Crypt:3  | Found an ancient bone altar of Kikubaaqudgha.
 17735 | Crypt:3  | Noticed Xtahua
 17750 | Crypt:3  | Killed Xtahua
 17865 | Crypt:3  | Reached skill level 10 in Charms
 17885 | Crypt:3  | Noticed an ancient lich
 17914 | Crypt:3  | Killed an ancient lich
 17932 | Crypt:3  | Identified Apenav's Volume of Dislocated Fire
 18185 | Crypt:3  | Noticed a greater mummy
 18200 | Crypt:3  | Killed a greater mummy
 18221 | Crypt:3  | Found a staircase to the Tomb.
 19355 | Lair:5   | Found a staircase to the Slime Pits.
 19362 | Slime:1  | Entered Level 1 of the Pits of Slime
 19465 | Slime:4  | Gained mutation: Your body sometimes deteriorates upon taking damage. [a shining eye]
 19471 | Slime:4  | Gained mutation: Scrolls take you a little longer to read. [a shining eye]
 19473 | Slime:4  | Gained mutation: You are dopey. (Int -2) [a shining eye]
 19477 | Slime:4  | Reached XP level 20. HP: 152/173 MP: 3/21
 19493 | Slime:5  | Entered Level 5 of the Pits of Slime
 19496 | Slime:5  | Reached skill level 10 in Invocations
 19562 | Slime:5  | Noticed the Royal Jelly
 19641 | Slime:5  | Gained mutation: You are very dopey. (Int -4) [a shining eye]
 19665 | Slime:5  | Killed the Royal Jelly
 19703 | Slime:5  | Found the ring of Robustness {AC+8}
 19746 | Slime:5  | Got a pitted zirconium amulet
 19749 | Slime:5  | Identified the amulet "Hoxui" {RegenMP rC+ Int-2 Dex+3} (You acquired it on level 5 of the Pits of Slime)
 19767 | Slime:5  | Got a twitching copper ring
 19770 | Slime:5  | Identified the ring "Sonaomuh" {-Tele rElec rF+ rC++ MR+} (You found it on level 5 of the Pits of Slime)
 19796 | Slime:5  | Found the +4 arc blade {discharge, rElec}
 19802 | Slime:5  | Got a crude jade amulet
 19805 | Slime:5  | Identified the amulet "Rudghupno" {rPois rC- rN++ Regen+ Dex-4} (You found it on level 5 of the Pits of Slime)
 19850 | Slime:5  | Got a faintly glowing steel ring
 19853 | Slime:5  | Identified the ring "Efioteg" {Wiz rElec MR- Int+2} (You found it on level 5 of the Pits of Slime)
 19890 | Slime:5  | Got a slimy rune of Zot
 20321 | Vaults:4 | Noticed Sojobo
 20336 | Vaults:4 | Killed Sojobo
 20547 | Vaults:4 | Found Hunesao's Antique Armour Emporium.
 20555 | Vaults:4 | Bought an embroidered scarf for 360 gold pieces
 20699 | Vaults:5 | Entered Level 5 of the Vaults
 20738 | Vaults:5 | Reached skill level 15 in Dodging
 20753 | Vaults:5 | Reached XP level 21. HP: 188/188 MP: 20/22
 20892 | Vaults:5 | Reached skill level 10 in Spellcasting
 21019 | Vaults:5 | Found the +3 pair of gauntlets of War {Slay+5}
 21124 | Vaults:5 | Noticed a golden dragon
 21135 | Vaults:5 | Killed a golden dragon
 21167 | Vaults:5 | Identified the Collected Works on the Frostbite and Enhancements
 21227 | Vaults:5 | Identified the +3 plate armour of the Sun {rF- Int+4} (You found it on level 5 of the Vaults)
 21286 | Vaults:5 | Noticed an ancient lich
 21292 | Vaults:5 | Killed an ancient lich
 21292 | Vaults:5 | Reached skill level 5 in Transmutations
 21347 | Vaults:5 | Learned a level 6 spell: Deflect Missiles
 21348 | Vaults:5 | Identified the Catalogue of Flight and Translocation
 21350 | Vaults:5 | Got a silver rune of Zot
 21355 | Vaults:5 | Identified the +3 ring mail "Rebutyl" {rF+} (You found it on level 5 of the Vaults)
 21387 | Vaults:5 | Identified the cursed ring "Put-Me-On" {+Blink +Fly Str-3 Dex-2 Stlth+} (You took it off a vault warden on level 5 of the Vaults)
 21424 | Vaults:5 | Identified Han Upul's Papyrus of Unholy Feathers
 21428 | Vaults:5 | Learned a level 2 spell: Sublimation of Blood
 21508 | Vaults:5 | Noticed a golden dragon
 21521 | Vaults:5 | Killed a golden dragon
 21620 | Vaults:5 | Reached skill level 10 in Transmutations
 21686 | Vaults:5 | Found Vilitef's Antique Armour Shoppe.
 21692 | Vaults:5 | Bought a polished helmet for 370 gold pieces
 21704 | Vaults:5 | Identified the +2 helmet of Riamomia {rElec Int+2 Stlth+} (You bought it in a shop on level 5 of the Vaults)
 21977 | Vaults:1 | Reached XP level 22. HP: 198/198 MP: 27/27
 22167 | Orc:2    | Bought a book of the Earth for 1170 gold pieces
 22174 | Orc:2    | Learned a level 6 spell: Statue Form
 22273 | D:14     | Found Dottua's Jewellery Emporium.
 22289 | D:14     | Bought an uncursed ring of wizardry for 360 gold pieces
 22398 | D:14     | Found a portal to a secret trove of treasure.
 22592 | D:15     | Entered Level 15 of the Dungeon
 23042 | D:15     | Found a staircase to the Depths.
 23055 | Depths:1 | Entered Level 1 of the Depths
 23082 | Depths:1 | Noticed Aizul
 23103 | Depths:1 | Killed Aizul
 23183 | Depths:2 | Reached skill level 1 in Earth Magic
 23215 | Depths:2 | Found a one-way gate to the infinite horrors of the Abyss.
 23220 | Depths:2 | Found a gateway to Hell.
 23236 | Depths:2 | Reached skill level 5 in Earth Magic
 23239 | Depths:2 | Found a one-way gate leading to the halls of Pandemonium.
 23242 | Depths:2 | Found a gateway to a ziggurat.
 23251 | Zig:1    | Entered Level 1 of a ziggurat
 23273 | Zig:2    | Entered Level 2 of a ziggurat
 23317 | Zig:2    | Got a pair of brightly glowing gloves
 23329 | Zig:2    | Identified the +0 pair of gloves of the Scribe {Dex+8} (You acquired it on level 2 of a ziggurat)
 23345 | Zig:3    | Entered Level 3 of a ziggurat
 23378 | Zig:4    | Entered Level 4 of a ziggurat
 23380 | Zig:4    | Noticed a greater mummy
 23381 | Zig:4    | Noticed a greater mummy
 23383 | Zig:4    | Lost mutation: You are agile. (Dex +2) [a neqoxec]
 23384 | Zig:4    | Gained mutation: Your magical capacity is low. (-10% MP) [a neqoxec]
 23394 | Zig:4    | Killed a greater mummy
 23407 | Zig:4    | Killed a greater mummy
 23418 | Zig:5    | Entered Level 5 of a ziggurat
 23423 | Zig:5    | Found the cursed necklace of Bloodlust {*Rage +Rage MR++ Int-3 Slay+6 *Curse}
 23432 | Zig:5    | Reached skill level 1 in Stealth
 23463 | Zig:5    | Got a steaming tin ring
 23465 | Zig:5    | Identified the ring "Vyuwier" {+Fly rC+} (You found it on level 5 of a ziggurat)
 23471 | Zig:6    | Entered Level 6 of a ziggurat
 23524 | Zig:6    | Reached skill level 5 in Stealth
 23565 | Zig:7    | Entered Level 7 of a ziggurat
 23613 | Zig:7    | Got a slimy marble ring
 23615 | Zig:7    | Identified the ring of Immorality {rElec rPois Str+3} (You found it on level 7 of a ziggurat)
 23620 | Zig:8    | Entered Level 8 of a ziggurat
 23704 | Zig:8    | Lost mutation: You possess an exceptional clarity of mind. [potion of mutation]
 23704 | Zig:8    | Lost mutation: You are very dopey. (Int -4) [potion of mutation]
 23704 | Zig:8    | Gained mutation: You have a pair of small antennae on your head. [potion of mutation]
 23704 | Zig:8    | Gained mutation: You are covered in fur. (AC +1) [potion of mutation]
 23708 | Zig:9    | Entered Level 9 of a ziggurat
 23800 | Zig:9    | Lost mutation: You are dopey. (Int -2) [potion of mutation]
 23800 | Zig:9    | Lost mutation: Scrolls take you a little longer to read. [potion of mutation]
 23800 | Zig:9    | Lost mutation: Your magical capacity is low. (-10% MP) [potion of mutation]
 23800 | Zig:9    | Lost mutation: Your body sometimes deteriorates upon taking damage. [potion of mutation]
 23800 | Zig:9    | Gained mutation: Potions are less effective at restoring your health. [potion of mutation]
 23800 | Zig:9    | Gained mutation: You are agile. (Dex +2) [potion of mutation]
 23800 | Zig:9    | Gained mutation: You are partially covered in iridescent scales. (AC +2) [potion of mutation]
 23810 | Zig:10   | Entered Level 10 of a ziggurat
 23847 | Zig:10   | Reached skill level 10 in Stealth
 23861 | Zig:10   | Reached XP level 23. HP: 205/205 MP: 25/28
 23893 | Zig:10   | Identified the ring of Zegeatak {rCorr rPois rN+ Stlth+} (You found it on level 10 of a ziggurat)
 23897 | Zig:10   | Identified the ring of Pusauqai {rN++ Str+4} (You found it on level 10 of a ziggurat)
 23905 | Zig:11   | Entered Level 11 of a ziggurat
 23956 | Zig:11   | Lost mutation: You are agile. (Dex +2) [potion of mutation]
 23956 | Zig:11   | Lost mutation: You have a pair of small antennae on your head. [potion of mutation]
 23956 | Zig:11   | Lost mutation: You are covered in fur. (AC +1) [potion of mutation]
 23956 | Zig:11   | Lost mutation: Potions are less effective at restoring your health. [potion of mutation]
 23956 | Zig:11   | Gained mutation: You have a somewhat thin skeletal structure. (Dex +2, Stealth) [potion of mutation]
 23982 | Hell     | Entered the Vestibule of Hell
 23982 | Hell     | Noticed Geryon
 23996 | Hell     | Killed Geryon
 24007 | Hell     | Noticed raetorn's ghost (legendary VSFi)
 24081 | Depths:3 | Noticed Jory
 24094 | Depths:3 | Killed Jory
 24293 | Depths:3 | Reached skill level 21 in Axes
 24410 | Hell     | Killed raetorn's ghost
 24490 | Hell     | Found a gateway to the Iron City of Dis.
 24522 | Hell     | Found a gateway to the freezing wastes of Cocytus.
 24584 | Coc:1    | Entered Level 1 of Cocytus
 24584 | Coc:1    | Found a gateway to Hell.
 24774 | Coc:2    | Found a gateway to Hell.
 24801 | Coc:2    | Reached skill level 22 in Axes
 24843 | Coc:3    | Found a gateway to Hell.
 24875 | Coc:4    | Found a gateway to Hell.
 24885 | Coc:4    | Found a gateway to Hell.
 24888 | Coc:4    | You fall through a shaft for 2 floors!
 24888 | Coc:6    | Found a gateway to Hell.
 24898 | Coc:7    | Entered Level 7 of Cocytus
 24898 | Coc:7    | Found a gateway to Hell.
 24898 | Coc:7    | Found a gateway to Hell.
 24898 | Coc:7    | Found a gateway to Hell.
 25049 | Coc:7    | Identified the Handbook of Unstable Envenoming
 25154 | Coc:7    | Noticed the Serpent of Hell
 25159 | Coc:7    | Noticed a shard shrike
 25256 | Coc:7    | Killed a shard shrike
 25466 | Coc:7    | Mangled by an Ice Fiend

Skill      XL: |  1  2  3  4  5  6  7  8  9 10 11 12 13 14 15 16 17 18 19 20 21 22 23 |
---------------+----------------------------------------------------------------------+-----
Unarmed Combat | 3 |  3.7
Spellcasting   | 2 5 6 10 11 | 11.2
Fighting       | 1 2 5 8 9 10 11 | 11.6
Axes           | 1 4 6 8 10 11 15 18 19 20 22 | 22.4
Dodging        | 7 11 15 16 | 16.4
Evocations     | 5 |  5.8
Invocations    | 6 9 11 | 11.0
Armour         | 9 10 | 10.0
Translocations | 5 |  5.4
Necromancy     | 8 12 13 | 13.0
Summonings     | 6 |  6.6
Air Magic      | 8 10 | 10.6
Charms         | 7 12 | 12.3
Transmutations | 3 10 13 | 13.9
Earth Magic    | 8 |  8.6
Stealth        | 10 11 | 11.7

Action                   |  1- 3 |  4- 6 |  7- 9 | 10-12 | 13-15 | 16-18 | 19-21 | 22-24 || total
-------------------------+-------+-------+-------+-------+-------+-------+-------+-------++-------
Melee: Unarmed           |   109 |    37 |       |       |       |       |       |       ||   146
       Headbutt          |     9 |     4 |     5 |    32 |   149 |    44 |       |       ||   243
       Punch             |     4 |     1 |     3 |     3 |       |       |       |       ||    11
       Kick              |     8 |     1 |    11 |    27 |    84 |       |       |       ||   131
       Broad axe         |       |    46 |   202 |   439 |       |       |       |       ||   687
       Battleaxe         |       |       |       |   105 |  1116 |   982 |   989 |   921 ||  4113
Throw: Stone             |     1 |       |       |       |       |       |       |       ||     1
       Tomahawk          |       |       |     7 |     3 |       |       |       |       ||    10
       Javelin           |       |       |       |       |     5 |     2 |       |       ||     7
 Cast: Beastly Appendage |    22 |     6 |    19 |    37 |    57 |    16 |       |       ||   157
       Sticks to Snakes  |     8 |       |    10 |    10 |     3 |     5 |       |       ||    36
       Spider Form       |       |     4 |       |       |       |       |       |       ||     4
       Apportation       |       |       |       |       |    20 |    60 |    29 |     6 ||   115
       Blink             |       |       |       |       |     3 |    22 |     9 |     2 ||    36
       Summon Butterflie |       |       |       |       |       |     3 |       |       ||     3
       Death Channel     |       |       |       |       |       |     3 |     4 |     1 ||     8
       Summon Lightning  |       |       |       |       |       |     6 |    11 |     1 ||    18
       Shroud of Golubri |       |       |       |       |       |     2 |     8 |     8 ||    18
       Spectral Weapon   |       |       |       |       |       |     2 |     6 |     5 ||    13
       Deflect Missiles  |       |       |       |       |       |       |     1 |     7 ||     8
       Statue Form       |       |       |       |       |       |       |       |    11 ||    11
       Passage of Golubr |       |       |       |       |       |       |       |    19 ||    19
Invok: Lesser Servant of |       |       |       |       |     1 |     1 |       |       ||     2
       Greater Servant o |       |       |       |       |       |       |     4 |       ||     4
 Abil: Heal Wounds       |     2 |     4 |    14 |    10 |       |    29 |    12 |     8 ||    79
       End Transformatio |       |       |       |       |       |       |       |     3 ||     3
Evoke: Wand              |       |       |     6 |    15 |     3 |    13 |    12 |       ||    49
       Phantom mirror    |       |       |       |     1 |       |       |       |       ||     1
       Lamp of fire      |       |       |       |     1 |     3 |     4 |     5 |       ||    13
       Sack of spiders   |       |       |       |       |     1 |       |       |       ||     1
       Box of beasts     |       |       |       |       |       |     1 |     1 |       ||     2
  Use: Scroll            |       |    12 |     4 |    15 |    16 |    27 |    21 |    15 ||   110
       Potion            |       |     1 |     6 |    10 |     2 |    10 |    10 |     7 ||    46
 Stab: Sleeping          |       |     1 |       |       |       |       |       |     4 ||     5
       Invisible         |       |       |     2 |     3 |       |       |       |       ||     5
       Distracted        |       |       |     1 |     1 |       |     9 |    16 |     4 ||    31
       Petrified         |       |       |       |       |     5 |       |       |       ||     5
  Eat: Chunk             |     2 |     4 |     6 |    14 |    20 |    15 |     7 |     9 ||    77
       Ration            |       |       |     1 |     1 |       |     2 |     3 |     7 ||    14
Armor: Robe              |    13 |     7 |    25 |       |       |       |       |       ||    45
       Skin              |       |     1 |       |       |       |       |       |   322 ||   323
       Ring mail         |       |       |       |   131 |   259 |       |       |       ||   390
       Ice dragon scales |       |       |       |       |    44 |   381 |       |       ||   425
       Acid dragon scale |       |       |       |       |       |    25 |   364 |   300 ||   689
Dodge: Dodged            |    48 |    46 |   158 |   417 |   805 |   726 |   776 |  1359 ||  4335
       Deflected         |       |       |       |       |       |       |     9 |    66 ||    75
